 Dungeon Crawl Stone Soup version 0.30.1-11-g7821555f0a (webtiles) character file.

Game seed: 3349017894901471883

1414 porpoise the Skirmisher (level 8, 0/73 HPs)
             Began as a Minotaur Hunter on Dec 28, 2023.
             Killed from afar by an orc wizard (4 damage)
             ... with a puff of flame
             ... on level 5 of the Dungeon.
             The game lasted 00:09:56 (3898 turns).

porpoise the Skirmisher (Minotaur Hunter)           Turns: 3898, Time: 00:10:00

Health: 0/73       AC:  4    Str: 15    XL:     8   Next: 43%
Magic:  7/7        EV: 12    Int:  6    God:
Gold:   228        SH:  0    Dex: 17    Spells: 7/7 levels left

rFire   . . .        a - +7 sling of Venifio {heavy, rC++}
rCold   + + .        (no shield)
rNeg    . . .        c - +1 leather armour
rPois   .            (helmet restricted)
rElec   .            (no cloak)
rCorr   .            (no gloves)
SInv    .            (no boots)
Will    .....        (no amulet)
Stlth   ++           (no ring)
HPRegen 0.32/turn    (no ring)
MPRegen 0.10/turn

%: no passive effects
@: no status effects
A: horns 2, retaliatory headbutt
a: no special abilities


You were on level 5 of the Dungeon.
You visited 1 branch of the dungeon, and saw 5 of its levels.

You collected 241 gold pieces.
You spent 13 gold pieces at shops.

Inventory:

Hand Weapons
 a - the +7 sling of Venifio (weapon) {heavy, rC++}
   (You found it on level 3 of the Dungeon)

   rC:        It greatly protects you from cold.
 b - a +1 short sword of draining
 o - a +1 shortbow
Missiles
 m - 2 poisoned darts
Armour
 c - a +1 leather armour (worn)
Jewellery
 k - a ring of ice
 n - a +6 ring of intelligence
 q - a +6 ring of strength
Scrolls
 d - 3 scrolls of immolation
 i - 3 scrolls of teleportation
 p - a scroll of identify
 t - 3 scrolls of amnesia
 u - 2 scrolls of enchant armour
Potions
 e - 3 potions of haste
 f - 2 potions of flight
 g - 2 potions of berserk rage
 h - a potion of heal wounds
 j - a potion of magic
 l - a potion of cancellation {unknown}
 v - a potion of curing {unknown}
 w - a potion of might {unknown}


   Skills:
 + Level 7.5 Fighting
 * Level 10.3 Ranged Weapons
 - Level 2.1 Dodging
 - Level 0.7 Stealth


You had 7 spell levels left.
You didn't know any spells.
Your spell library contained the following spells:

 Spells                   Type           Power      Damage    Failure   Level
 Freeze                   Ice            0%         1d3       52%         1
 Sandblast                Erth           0%         2d4       52%         1
 Summon Small Mammal      Summ           0%         N/A       52%         1
 Ensorcelled Hibernation  Hex/Ice        0%         N/A       67%         2
 Passwall                 Tmut/Erth      0%         N/A       67%         2
 Call Canine Familiar     Summ           0%         N/A       88%         3
 Frozen Ramparts          Ice            0%         1d1       88%         3
 Hailstorm                Conj/Ice       0%         3d3       88%         3
 Stone Arrow              Conj/Erth      0%         3d7       88%         3
 Summon Guardian Golem    Hex/Summ       0%         N/A       88%         3
 Swiftness                Air            0%         N/A       88%         3


Dungeon Overview and Level Annotations

Branches:
Dungeon (5/15)
 Temple: D:4-7

Altars:
Kikubaaqudgha

Shops:
D:1 :   D:4 *


Innate Abilities, Weirdness & Mutations

You have a pair of horns on your head.
You reflexively headbutt those who attack you in melee.


Message History

You feel sick.
You are no longer poisoned.
The orc priest hits you with a +0 hand axe.
You shoot a sling bullet. The sling bullet hits the orc priest!
You kill the orc priest!
You shoot a sling bullet.
The sling bullet barely misses the gnoll.
The sling bullet hits the orc.
The orc is heavily wounded.
The orc wizard gestures wildly while chanting.
The orc wizard flickers and vanishes!
Deactivating autopickup; reactivate with Ctrl-A.
The gnoll hits you with a +0 flail! The gnoll misses you.
You furiously retaliate!
You headbutt the gnoll, but do no damage.
You shoot a sling bullet. The sling bullet hits the gnoll.
The gnoll is heavily wounded.
The gnoll closely misses you.
You shoot a sling bullet. The sling bullet hits the gnoll.
The gnoll is severely wounded.
The gnoll completely misses you. The gnoll hits you with a +0 flail!
* * * LOW HITPOINT WARNING * * *
You shoot a sling bullet. The sling bullet hits the gnoll!
You kill the gnoll!
You shoot a sling bullet. The sling bullet hits the orc!!
You kill the orc!
The orc zaps a wand.
The mass of ice explodes!
The iceblast engulfs you! You partially resist.
* * * LOW HITPOINT WARNING * * *
The orc completely misses you. You furiously retaliate!
You headbutt the orc!
You kill the orc!
Items here: ! ))) = ? [[ †.
You shoot a sling bullet. Something hits you.
* * * LOW HITPOINT WARNING * * *
You writhe in agony.
* * * LOW HITPOINT WARNING * * *
You hear some strange, mumbled words.
A puff of flame appears from out of thin air!
The puff of flame hits you.
You die...

#.# #.# ## #.# .##
#)# ..# #)# #.#
##.## #.#
##.).########
#.####..).........
#.@{o...).########
########.## #.#
#.# #'# ... ... g.


You could see an orc.

Vanquished Creatures
  Prince Ribbit (D:5)
  Grinder (D:5)
  Menkaure (D:5)
  Duvessa (D:5)
  2 ogres
  Blork the orc (D:5)
  A phantom (D:5)
  A gnoll sergeant (D:5)
  Dowan (D:5)
  An orc priest (D:5)
  A hound (D:5)
  2 orc wizards (D:5)
  8 adders
  10 gnolls
  A shadow imp (D:5)
  An ufetubus (D:5)
  A worm (D:3)
  A dart slug (D:1)
  9 orcs
  9 ball pythons
  5 bats
  4 endoplasms
  3 giant cockroaches
  2 goblins
  4 hobgoblins
  6 jackals
  5 kobolds
  5 quokkas
  2 frilled lizards
  5 rats
95 creatures vanquished.

Notes
Turn   | Place    | Note
-------+----------+-------------------------------------------
     0 | D:1      | porpoise the Minotaur Hunter began the quest for the Orb.
     0 | D:1      | Reached XP level 1. HP: 18/18 MP: 0/0
    70 | D:1      | Found Riom's Book Boutique.
   220 | D:1      | Reached XP level 2. HP: 25/25 MP: 1/1
   415 | D:1      | Reached skill level 5 in Ranged Weapons
   791 | D:2      | Reached XP level 3. HP: 31/31 MP: 2/2
  1319 | D:3      | Reached XP level 4. HP: 38/38 MP: 3/3
  1450 | D:3      | Reached skill level 6 in Ranged Weapons
  1927 | D:3      | Identified the +7 sling of Venifio {heavy, rC++}
  2203 | D:4      | Reached XP level 5. HP: 46/46 MP: 4/4
  2404 | D:4      | Found Haotoung's General Store.
  2410 | D:4      | Bought a potion of degeneration for 13 gold pieces
  2431 | D:4      | Noticed an ogre
  2434 | D:4      | Killed an ogre
  2435 | D:4      | Reached skill level 7 in Ranged Weapons
  2450 | D:4      | Reached XP level 6. HP: 53/53 MP: 5/5
  2672 | D:5      | Entered Level 5 of the Dungeon
  2780 | D:5      | Found an ancient bone altar of Kikubaaqudgha.
  2956 | D:5      | Noticed Grinder
  2958 | D:5      | Paralysed by Grinder for 2 turns
  2961 | D:5      | Killed Grinder
  2962 | D:5      | Reached skill level 5 in Fighting
  3043 | D:5      | Reached skill level 8 in Ranged Weapons
  3043 | D:5      | Reached XP level 7. HP: 61/61 MP: 6/6
  3241 | D:5      | Noticed Duvessa
  3241 | D:5      | Noticed Dowan
  3247 | D:5      | Killed Duvessa
  3255 | D:5      | Killed Dowan
  3713 | D:5      | Noticed Prince Ribbit
  3733 | D:5      | Reached skill level 9 in Ranged Weapons
  3813 | D:5      | Killed Prince Ribbit
  3814 | D:5      | Reached XP level 8. HP: 73/73 MP: 7/7
  3815 | D:5      | Noticed Blork the orc
  3822 | D:5      | Killed Blork the orc
  3876 | D:5      | Reached skill level 10 in Ranged Weapons
  3881 | D:5      | Noticed Menkaure
  3887 | D:5      | Killed Menkaure
  3898 | D:5      | Killed from afar by an orc wizard

Illustrated notes

Levels and vault maps discovered:
D:1:      grunt_arrival_crossed_arrows, layout_basic, serial_shops, shop,
          chequers_serial_rivers_large_b, chequers_arboretum
D:2:      layout_rooms, hangedman_decor_growths, chequers_jeans
D:3:      layout_basic, grunt_decor_resistance
D:4:      layout_cave_pools, serial_shops, shop
D:5:      layout_loops_corners, hangedman_feature_mirror, uniq_menkaure,
          uniq_duvessa, uniq_blork_the_orc, uniq_grinder, uniq_prince_ribbit1

Skill      XL: |  1  2  3  4  5  6  7  8 |
---------------+-------------------------+-----
Ranged Weapons | 5 6 7 8 9 10 | 10.3
Fighting       | 3 4 5 7 |  7.5
Dodging        | |  2.1
Stealth        | |  0.7

Action                     |  1- 3 |  4- 6 |  7- 9 || total
---------------------------+-------+-------+-------++-------
  Melee: Short sword       |       |     3 |       ||     3
         Headbutt          |       |     1 |       ||     1
   Fire: Shortbow          |    78 |    64 |       ||   142
         Sling             |       |    39 |    72 ||   111
    Use: Scroll            |     5 |     4 |     4 ||    13
 Armour: Leather armour    |     7 |     1 |     5 ||    13
  Dodge: Dodged            |    32 |    12 |    24 ||    68
